 Dungeon Crawl Stone Soup version 0.13.1-27-ga479965 (console) character file.

211 Jezuz the Scratcher (level 4, -2/19 HPs)
             Began as a Felid Skald on Jan 29, 2014.
             Was an Initiate of Okawaru.
             Slain by Pikel
             ... wielding a +2,+0 whip of electrocution
              (16 damage)
             ... on Level 6 of the Dungeon.
             The game lasted 00:12:47 (1233 turns).

Jezuz the Scratcher (Felid Skald)                   Turns: 1233, Time: 00:12:47

HP  -2/19        AC  1     Str  8      XL: 4   Next: 35%
MP   9/11        EV 17     Int 14      God: Okawaru [......]
Gold 119         SH  0     Dex 16      Spells:  3 memorised,  1 level left
Lives: 0, deaths: 1

Res.Fire  : . . .   See Invis. : +     - Unarmed
Res.Cold  : . . .   Warding    : .   (armour unavailable)
Life Prot.: . . .   Conserve   : .   (shield unavailable)
Res.Poison: .       Res.Corr.  : .   (helmet unavailable)
Res.Elec. : .       Clarity    : .   (cloak unavailable)
Sust.Abil.: . .     Spirit.Shd : .   (gloves unavailable)
Res.Mut.  : .       Stasis     : .   (boots unavailable)
Res.Rott. : .       Flight     : .   (no amulet)
Saprovore : . . .                    (no ring)
                                     (no ring)

@: shrouded, quick, slightly resistant to hostile enchantments, fairly stealthy
A: paw claws, no armour, no advanced items, fangs 3, see invisible, carnivore 3,
speed 1, slow metabolism 1, AC +1
a: Renounce Religion


You were on level 6 of the Dungeon.
You worshipped Okawaru.
Okawaru was noncommittal.
You were not hungry.

You visited 2 branches of the dungeon, and saw 7 of its levels.

You collected 99 gold pieces.

Inventory:

Comestibles
 d - 4 meat rations
 h - a bread ration
 m - a rotting chunk of ogre flesh
Scrolls
 e - a scroll of remove curse {unknown}
 f - 2 scrolls of fog {unknown}
 j - 4 scrolls of teleportation {unknown}
 k - 2 scrolls of curse armour {unknown}
 n - a scroll of enchant armour {unknown}
 p - a scroll of enchant weapon I {unknown}
 q - a scroll of curse weapon {unknown}
 t - a scroll of amnesia {unknown}
Jewellery
 b - a cursed ring of teleportation {unknown}
 g - an uncursed amulet of stasis {unknown}
Potions
 a - a potion of resistance {unknown}
 i - a potion of degeneration {unknown}
 l - a potion of invisibility {unknown}
 o - a potion of brilliance {unknown}
 r - 2 potions of heal wounds {unknown}
 s - a potion of slowing {unknown}
Books
 c - a book of Battle

   Spells                             Type                      Level
   *Infusion                          Charms                       1
   *Shroud of Golubria                Charms/Translocation         2
   Song of Slaying                    Charms                       2
   Spectral Weapon                    Hexes/Charms                 3
   *Regeneration                      Charms/Necromancy            3
   Song of Shielding                  Charms                       4


   Skills:
 - Level 2.0 Fighting
 - Level 2.1 Dodging
 * Level 4.0 Unarmed Combat
 * Level 2.1 Spellcasting
 + Level 3.9 Charms
 - Level 3.0 Necromancy


You had one spell level left.
You knew the following spells:

 Your Spells              Type           Power        Failure   Level  Hunger
a - Infusion              Chrm           ##....       6%          1    #......
b - Shroud of Golubria    Chrm/Tloc      #.........   21%         2    ###....
c - Regeneration          Chrm/Necr      ##........   17%         3    ####...


Dungeon Overview and Level Annotations

Branches:
Dungeon (6/27)             Temple (1/1) D:5
    Orc: D:6-11

Altars:
Ashenzari
Cheibriados
Elyvilon
Kikubaaqudgha
Makhleb
Nemelex Xobeh
Okawaru
Sif Muna
Vehumet
Xom
Yredelemnul
the Shining One

Annotations:
D:6 Eustachio, Pikel


Innate Abilities, Weirdness & Mutations

You cannot wear armour.
You are incapable of any advanced item manipulation.
Your paws have sharp claws.
You have razor-sharp teeth.
You have supernaturally acute eyesight.
You are carnivorous and can eat meat at any time.
You cover ground quickly.
You are covered in fur (AC +1).
You have a slow metabolism.


Message History

A slave comes into view.
You see here a scroll labeled XAG EGHOAM SKA.
t - a scroll labeled XAG EGHOAM SKA The slave shouts!
Press: ? - help, v - describe, . - travel
Here: a slave wearing an animal skin The floor.
Unknown command.
Unknown command.
Casting: Infusion
Confirm with . or Enter, or press ? or * to list all spells.
Space distorts slightly along a thin shroud covering your body. 2 slaves come into view.
Casting: Shroud of Golubria
Confirm with . or Enter, or press ? or * to list all spells.
Your attacks are magically infused.
The slave moves out of view.
You barely miss Pikel. Pikel hits you with a glowing whip.
You are electrocuted!
Ouch! That really hurt!
You die...

#########################
....@.@K@................
.....@######...........<.
... #............. .
#.............
#....######### #....# #
#....# # #....# # #....#
#


You could see Pikel and 3 slaves.

Vanquished Creatures
  An ogre (D:4)
  A giant frog zombie (D:5)
  An iguana (D:5)
  An adder (D:2)
  An adder zombie (D:5)
  4 bats
  2 giant cockroaches
  3 goblins
  2 hobgoblins
  A quokka (D:3)
  A ball python (D:2)
  2 giant newts (D:3)
  A hobgoblin skeleton (D:4)
  A kobold (D:3)
  A kobold skeleton (D:4)
  5 rats
  A rat zombie (D:5)
29 creatures vanquished.

Notes
Turn   | Place    | Note
--------------------------------------------------------------
     0 | D:1      | Jezuz, the Felid Skald, began the quest for the Orb.
     0 | D:1      | Reached XP level 1. HP: 9/9 MP: 4/4
   341 | D:2      | Reached XP level 2. HP: 10/12 MP: 6/6
   351 | D:2      | Learned a level 2 spell: Shroud of Golubria
   620 | D:4      | Reached XP level 3. HP: 3/15 MP: 4/8
   626 | D:4      | Learned a level 3 spell: Regeneration
   789 | D:4      | Noticed an ogre
   808 | D:4      | Killed an ogre
   808 | D:4      | Reached XP level 4. HP: 19/19 MP: 1/11
   834 | D:5      | Entered Level 5 of the Dungeon
   885 | D:5      | Found a staircase to the Ecumenical Temple.
   898 | Temple   | Entered the Ecumenical Temple
   947 | Temple   | Became a worshipper of Warmaster Okawaru
  1018 | D:5      | Reached XP level 5. HP: 19/22 MP: 10/12
  1082 | D:6      | Noticed Eustachio
  1119 | D:5      | Slain by an iguana
  1120 | D:5      | Reached XP level 4. HP: -5/19 MP: 0/11
  1139 | D:5      | Reached skill level 4 in Unarmed Combat
  1225 | D:6      | Noticed a slave
  1226 | D:6      | Noticed Pikel
  1228 | D:6      | Noticed a slave
  1231 | D:6      | Noticed a slave
  1231 | D:6      | Noticed a slave
  1233 | D:6      | Slain by Pikel

Action                   |  1- 3 |  4- 6 || total
-------------------------+-------+-------++-------
Melee: Unarmed           |    69 |    28 ||    97
 Cast: Infusion          |     3 |     2 ||     5
       Shroud of Golubri |     5 |     3 ||     8
       Regeneration      |     1 |     3 ||     4
 Stab: Sleeping          |     1 |     1 ||     2
